Map: King's Cove LE

Players

Frobie

  • Race: Terran Terran
  • League: Grandmaster
  • Spawn Location: 5:00

A.I. 2 (Very Easy) - Winner!

  • Race: Terran Terran
  • Spawn Location: 11:00

VOD

Have the link to the VOD?

Description

Time

  • Played on: Feb. 9, 2019, 8:19 p.m.
  • Length: 13:40
Show
View Real Time Build Order
Export as new Build Order

Frobie Terran 

Build Orders: Liberator Opening, Reaper Expand, Mech 

Get SALT Encoding   

  12  0:00  SCV  
  13  0:12  SCV  
  14  0:17  Supply Depot  
  14  0:24  SCV  
  15  0:39  SCV  
  15  0:41  Barracks  
  16  0:44  Refinery  
  16  0:51  SCV  
  17  1:03  SCV  
  18  1:15  SCV  
  19  1:29  Reaper, Orbital Command  
  20  1:45  Command Center  
  20  1:56  SCV  
  20  1:58  Supply Depot  
  21  2:02  Marine  
  22  2:11  Factory  
  22  2:13  SCV  
  23  2:19  Refinery  
  23  2:22  Barracks Reactor  
  23  2:26  SCV  
  24  2:39  SCV  
  25  2:51  SCV  
  26  2:56  Widow Mine, Starport  
  28  3:00  Orbital Command  
  28  3:02  Marine x2  
  30  3:09  SCV  
  31  3:18  Widow Mine  
  33  3:23  Marine x2  
  33  3:26  SCV  
  36  3:28  Supply Depot  
  36  3:31  SCV  
  36  3:33  Medivac  
  39  3:38  SCV  
  39  3:41  Marine x2  
  42  3:43  Widow Mine, SCV  
  44  3:50  SCV  
  44  3:51  Liberator  
  44  3:52  Bunker, Supply Depot  
  44  3:55  SCV  
  46  4:02  SCV  
  46  4:07  Factory Tech Lab, SCV  
  51  4:15  SCV  
  52  4:18  Supply Depot  
  52  4:23  SCV  
  53  4:25  Supply Depot  
  53  4:26  Marine x2  
  53  4:27  Siege Tank  
  58  4:34  SCV, Liberator  
  59  4:44  Engineering Bay  
  59  4:48  SCV x2  
  59  4:50  Supply Depot  
  64  4:59  Marine x2  
  65  5:00  SCV  
  65  5:02  SCV  
  65  5:03  Command Center  
  65  5:07  Refinery  
  68  5:08  Refinery  
  68  5:12  Siege Tank, SCV  
  72  5:15  SCV  
  72  5:18  Marine x2  
  75  5:22  Missile Turret  
  75  5:24  SCV  
  75  5:27  SCV  
  77  5:34  Supply Depot  
  77  5:36  SCV  
  77  5:37  Starport Tech Lab  
  77  5:39  SCV  
  79  5:45  Marine x2  
  79  5:47  Factory  
  79  5:48  Factory, SCV  
  82  5:54  Supply Depot  
  82  5:56  Supply Depot  
  82  5:58  Siege Tank  
  82  6:00  SCV  
  82  6:01  SCV  
  82  6:03  Marine x2  
  89  6:12  SCV  
  90  6:18  SCV  
  90  6:21  Viking  
  90  6:25  Factory x2, SCV  
  94  6:29  Supply Depot  
  94  6:30  Supply Depot  
  94  6:31  SCV  
  95  6:37  SCV  
  95  6:38  Factory  
  96  6:43  SCV  
  96  6:46  Orbital Command  
  97  6:49  SCV  
  97  6:53  Siege Tank  
  97  6:54  Barracks Reactor  
  101  6:55  Supply Depot x2, SCV  
  101  6:57  Viking  
  104  7:01  SCV  
  104  7:03  Siege Tank  
  104  7:07  SCV  
  104  7:08  Supply Depot  
  109  7:10  Factory Tech Lab  
  109  7:11  Factory Reactor  
  109  7:13  SCV  
  109  7:14  SCV  
  111  7:19  SCV  
  111  7:22  Supply Depot  
  112  7:24  Hellion, Supply Depot  
  112  7:25  Siege Tank, SCV  
  112  7:26  SCV  
  118  7:31  Siege Tank, SCV  
  118  7:33  Hellion  
  118  7:35  Hellion  
  126  7:38  SCV x2  
  126  7:43  SCV  
  129  7:47  Armory  
  129  7:48  Armory, Hellion x3  
  129  7:50  SCV x2  
  129  7:51  Refinery  
  137  7:52  Refinery, Supply Depot  
  137  7:53  Supply Depot  
  137  7:58  Siege Tank  
  137  7:59  Hellion  
  137  8:05  Hellion x2  
  146  8:12  Command Center  
  146  8:15  Hellion x2  
  150  8:21  Barracks Reactor  
  150  8:24  Factory  
  150  8:26  Siege Tank  
  153  8:29  Missile Turret  
  153  8:30  Missile Turret  
  153  8:33  Missile Turret x2  
  153  8:34  Terran Vehicle Weapons Level 1  
  153  8:36  Terran Vehicle And Ship Armor Level 1  
  153  8:42  Siege Tank  
  153  8:43  Hellion  
  153  8:44  Hellion  
  153  8:46  Supply Depot  
  153  8:47  Supply Depot  
  160  8:50  Infernal Pre-Igniter  
  160  8:54  Drilling Claws  
  160  9:01  Command Center  
  160  9:02  Hellion x2  
  164  9:10  Viking x2  
  168  9:18  Widow Mine x4  
  176  9:25  Command Center  
  176  9:37  Siege Tank, Hellion x3  
  185  9:39  Siege Tank x2  
  191  9:51  Planetary Fortress  
  191  9:59  Widow Mine, Command Center  
  197  10:00  Widow Mine x2  
  197  10:01  Sensor Tower, Medivac  
  199  10:15  Refinery x2  
  199  10:17  Command Center  
  199  10:53  Command Center  
  199  10:57  Command Center x2  
  199  10:58  Command Center  
  199  11:12  Command Center x2  
  199  11:15  Barracks  
  199  11:16  Barracks Tech Lab, Ghost Academy  
  199  11:25  Factory x2  
  199  11:26  Factory  
  199  12:16  Orbital Command x4  
  199  12:17  Orbital Command  
  199  12:18  Planetary Fortress x2  
Show
View Real Time Build Order
Export as new Build Order

A.I. 2 (Very Easy) Terran - Winner!

Build Orders:  

Get SALT Encoding   

  12  0:00  SCV  
  13  0:13  SCV  
  14  0:19  Supply Depot  
  14  0:39  Refinery  
  14  0:44  Barracks  
  14  1:06  Supply Depot  
  14  1:14  Refinery  
  14  1:31  Marine  
  14  1:32  Orbital Command  
  15  1:58  SCV  
  16  2:10  SCV  
  17  2:16  Marine  
  17  2:22  SCV  
  19  2:34  SCV  
  19  2:35  Barracks Tech Lab  
  20  2:46  SCV  
  21  2:59  SCV  
  21  3:02  Marauder  
  24  6:37  SCV  
  24  6:38  Marine  
  26  6:40  Supply Depot  
  26  6:42  Factory  
  26  6:45  Command Center  
  26  6:49  SCV  
  27  7:02  SCV  
  27  7:04  Supply Depot  
  28  7:10  Marine  
  28  7:14  SCV  
  30  7:26  Starport, SCV  
  27  7:43  Marine  
  28  7:58  SCV  
  29  8:04  Refinery  
  29  8:05  Refinery, Starport Tech Lab, SCV  
  30  8:12  Hellion, SCV  
  28  8:20  SCV  
  28  8:24  Raven  
  28  8:27  SCV  
  27  8:34  SCV  
  27  8:41  Hellion, SCV  
  28  8:48  SCV  
  28  8:55  SCV  
  26  9:03  SCV  
  26  9:07  Raven  
  26  9:09  Hellion  
  30  9:10  SCV  
  29  9:17  SCV  
  24  9:24  SCV  
  23  9:31  SCV  
  23  9:38  SCV  
  23  9:41  Marine  
  24  9:46  SCV  
  24  9:53  SCV  
  24  10:00  SCV  
  24  10:07  SCV  
  24  10:13  Marine  
  25  10:14  SCV  
  25  10:22  SCV  
  22  10:29  SCV  
  22  10:36  SCV  
  21  10:43  SCV  
  21  10:45  Marine  
  23  10:50  SCV  
  23  10:58  SCV  
  23  11:05  SCV  
  24  11:12  SCV  
  24  11:18  Marauder  
  24  11:19  SCV  
  25  11:26  SCV  
  24  11:33  SCV  
  25  11:40  SCV  
  24  11:48  SCV  
  24  11:50  Marine  
  22  11:55  SCV  
  22  12:02  SCV  
  23  12:09  SCV  
  23  12:13  Marine  
  23  12:14  Medivac  
  25  12:16  SCV  
  25  12:23  SCV  
  24  12:31  Marine, SCV  
  26  12:38  SCV  
  26  12:44  Medivac  
  25  12:46  SCV  
  25  12:49  Marine  
  28  12:53  SCV  
  26  13:00  SCV  
  27  13:07  Marauder, SCV  
  28  13:15  SCV  
  31  13:22  SCV  
Tags
 
Add a new tag
Caveats
  • Supply blocks, unpowered buildings, or Contaminate may cause inaccurate times.
  • Supply counts are checked every 10 seconds.